General information
- name: BNet
- type: Ladder team game (AT/RT)
- host: Battle.net
- saver: Herbwomann
map: Mur'gulOasis
- players: 8
- length: 30:16
- speed: Fast
- version: 1.26 W3XP
- replay type: Public
» download(150 KB)
Players
team 1 (loser)

»
wonderwood (
teal | 45 APM | 1367 actions | 30:16)
5 Mountain King
3 Storm Bolt
2 Bash
5 Death Knight
2 Death Coil
3 Unholy Aura
3 Paladin
2 Holy Light
1 Divine Shield
3 Lich
2 Frost Nova
1 Frost Armor
» actions
| Build / train | 148 | |
| Enter build submenu | 76 | |
| Enter hero's abilities submenu | 16 | |
| Give item / drop item | 3 | |
| Remove unit from queue | 1 | |
| Right click | 462 | |
| Select / deselect | 516 | |
| Use ability | 144 | |
1367 total
» units
| Acolyte | 20 | |
| Peasant | 23 | |
| Ghoul | 6 | |
| Rifleman | 6 | |
| Sorceress | 4 | |
| Knight | 1 | |
| Frost Wyrm | 9 | |
| Spell Breaker | 1 | |
| Dragonhawk Rider | 8 | |
78 total
» upgrades
| Gunpowder | 3 | |
| Armor | 2 | |
| Long Rifles | 1 | |
| Creature Attack | 3 | |
| Creature Carapace | 3 | |
| Sorceress Training | 2 | |
| Freezing Breath | 1 | |
| Lumber Harvesting | 1 | |
| Cloud | 1 | |
17 total
» buildings
| Crypt | 1 | |
| Farm | 13 | |
| Altar of Kings | 1 | |
| Ziggurat | 18 | |
| Altar of Darkness | 1 | |
| Barracks | 2 | |
| Lumber Mill | 1 | |
| Nerubian Tower | 5 | |
| Blacksmith | 1 | |
| Arcane Vault | 1 | |
| Keep | 2 | |
| Halls of the Dead | 1 | |
| Graveyard | 1 | |
| Black Citadel | 2 | |
| Castle | 1 | |
| Arcane Sanctum | 2 | |
| Sacrificial Pit | 1 | |
| Boneyard | 3 | |
| Town Hall | 1 | |
| Necropolis | 2 | |
| Spirit Tower | 7 | |
| Scout Tower | 16 | |
| Arcane Tower | 2 | |
| Guard Tower | 5 | |
| Gryphon Aviary | 7 | |
97 total
» build order
00:23 Crypt
00:30 Farm
00:41 Altar of Kings
00:46 Ziggurat
00:50 Altar of Darkness
00:58 Barracks
01:05 Ziggurat
01:11 Farm
01:15 Lumber Mill
01:40 Nerubian Tower
02:05 Barracks
02:14 Blacksmith
02:17 Farm
02:24 Arcane Vault
02:56 Farm
02:59 Farm
03:21 Farm
03:33 Keep
03:33 Keep
03:40 Farm
03:58 Halls of the Dead
04:21 Graveyard
04:48 Ziggurat
05:21 Ziggurat
06:33 Nerubian Tower
06:58 Black Citadel
06:58 Black Citadel
07:02 Castle
07:07 Farm
07:47 Farm
08:15 Arcane Sanctum
09:16 Sacrificial Pit
09:18 Ziggurat
10:02 Farm
11:00 Arcane Sanctum
11:06 Boneyard
11:11 Boneyard
11:14 Boneyard
14:18 Farm
14:20 Farm
14:24 Ziggurat
16:24 Town Hall
16:40 Necropolis
19:01 Necropolis
19:05 Ziggurat
19:06 Ziggurat
19:08 Ziggurat
19:19 Ziggurat
19:28 Ziggurat
19:39 Ziggurat
19:52 Ziggurat
19:54 Ziggurat
20:10 Ziggurat
20:14 Ziggurat
20:20 Nerubian Tower
20:23 Spirit Tower
20:31 Spirit Tower
20:45 Spirit Tower
20:53 Scout Tower
20:55 Scout Tower
20:56 Scout Tower
21:10 Ziggurat
21:22 Scout Tower
21:38 Nerubian Tower
21:40 Spirit Tower
21:46 Spirit Tower
21:46 Spirit Tower
21:58 Ziggurat
22:07 Spirit Tower
22:11 Scout Tower
22:15 Scout Tower
22:27 Scout Tower
22:39 Arcane Tower
22:42 Scout Tower
22:44 Guard Tower
22:56 Scout Tower
22:58 Scout Tower
23:00 Arcane Tower
23:03 Scout Tower
23:24 Guard Tower
23:26 Guard Tower
23:35 Guard Tower
23:38 Scout Tower
23:41 Scout Tower
23:44 Scout Tower
23:46 Scout Tower
23:49 Scout Tower
24:05 Gryphon Aviary
24:06 Gryphon Aviary
24:09 Gryphon Aviary
24:11 Gryphon Aviary
24:14 Gryphon Aviary
24:16 Gryphon Aviary
24:20 Gryphon Aviary
24:24 Farm
24:29 Guard Tower
» items
| Boots of Speed | 1 | |
| Periapt of Vitality | 1 | |
| Scroll of Regeneration | 2 | |
| Scroll of Town Portal | 1 | |
5 total

»
V.I.P.yc (
pink | 73 APM | 2222 actions | 30:16)
8 Blademaster
3 Wind Walk
3 Critical Strike
1 Bladestorm
1 Mirror Image
1 Paladin
1 Divine Shield
1 Mountain King
1 Avatar
» actions
| Assign group hotkey | 35 | |
| Build / train | 86 | |
| Enter build submenu | 19 | |
| Enter hero's abilities submenu | 10 | |
| Give item / drop item | 5 | |
| Right click | 626 | |
| Select / deselect | 339 | |
| Select group hotkey | 987 | |
| Use ability | 114 | |
2222 total
» units
| Peon | 11 | |
| Peasant | 3 | |
| Troll Headhunter/Berserker | 20 | |
| Shaman | 7 | |
| Troll Witch Doctor | 7 | |
48 total
» upgrades
| Armor | 3 | |
| Ranged Weapons | 3 | |
| Spiked Barricades | 2 | |
| Troll Regeneration | 1 | |
| Shaman Training | 2 | |
| Witch Doctor Training | 2 | |
| Berserker Upgrade | 1 | |
14 total
» buildings
| Orc Burrow | 9 | |
| Altar of Storms | 1 | |
| Voodoo Lounge | 1 | |
| War Mill | 1 | |
| Barracks | 2 | |
| Stronghold | 1 | |
| Spirit Lodge | 3 | |
| Fortress | 1 | |
19 total
» build order
00:46 Orc Burrow
00:51 Altar of Storms
00:58 Voodoo Lounge
01:10 Orc Burrow
01:55 War Mill
02:09 Barracks
02:28 Orc Burrow
03:23 Orc Burrow
04:03 Barracks
04:15 Orc Burrow
06:54 Stronghold
07:25 Orc Burrow
09:26 Spirit Lodge
09:27 Spirit Lodge
09:31 Orc Burrow
09:35 Fortress
09:52 Spirit Lodge
11:05 Orc Burrow
23:49 Orc Burrow
» items
| Healing Salve | 4 | |
| Lesser Clarity Potion | 1 | |
| Scroll of Speed | 2 | |
| Potion of Lesser Invulnerability | 1 | |
| Dust of Appearance | 1 | |
| Orb of Lightning | 1 | |
10 total

»
BU77SLU7 (
purple | 51 APM | 1534 actions | 30:16)
2 Death Knight
1 Death Coil
1 Death Pact
» actions
| Assign group hotkey | 19 | |
| Basic commands | 274 | |
| Build / train | 192 | |
| ESC pressed | 1 | |
| Enter build submenu | 17 | |
| Enter hero's abilities submenu | 3 | |
| Remove unit from queue | 3 | |
| Right click | 505 | |
| Select / deselect | 326 | |
| Select group hotkey | 161 | |
| Use ability | 33 | |
1534 total
» units
| Acolyte | 17 | |
| Ghoul | 48 | |
| Giant Sea Turtle | 1 | |
| Gargoyle | 41 | |
| Crypt Fiend | 62 | |
169 total
» upgrades
| Unholy Strength | 2 | |
| Creature Attack | 3 | |
| Creature Carapace | 2 | |
| Web | 1 | |
8 total
» buildings
| Altar of Darkness | 1 | |
| Crypt | 4 | |
| Ziggurat | 9 | |
| Graveyard | 1 | |
| Halls of the Dead | 1 | |
| Tomb of Relics | 1 | |
| Spirit Tower | 3 | |
| Black Citadel | 1 | |
21 total
» build order
00:32 Altar of Darkness
00:36 Crypt
00:43 Ziggurat
01:44 Ziggurat
01:46 Ziggurat
01:51 Ziggurat
02:58 Graveyard
03:10 Ziggurat
03:33 Halls of the Dead
04:27 Tomb of Relics
06:08 Crypt
06:10 Crypt
06:13 Ziggurat
06:13 Ziggurat
08:07 Crypt
08:49 Spirit Tower
08:49 Spirit Tower
12:43 Black Citadel
24:53 Ziggurat
26:35 Ziggurat
team 2 (winner)
xavier8 (
blue | 42 APM | 1257 actions | 29:42)
5 Blademaster
2 Critical Strike
3 Wind Walk
» actions
| Assign group hotkey | 3 | |
| Basic commands | 5 | |
| Build / train | 59 | |
| Enter build submenu | 55 | |
| Enter hero's abilities submenu | 5 | |
| Give item / drop item | 7 | |
| Remove unit from queue | 3 | |
| Right click | 657 | |
| Select / deselect | 338 | |
| Use ability | 125 | |
1257 total
» units
| Peon | 15 | |
| Shaman | 3 | |
| Troll Witch Doctor | 2 | |
| Demolisher | 3 | |
23 total
» upgrades
| Spiked Barricades | 3 | |
| Shaman Training | 2 | |
| Reinforced Defenses | 1 | |
| Witch Doctor Training | 2 | |
| Ranged Weapons | 2 | |
| Burning Oil | 1 | |
11 total
» buildings
| War Mill | 3 | |
| Altar of Storms | 1 | |
| Orc Burrow | 11 | |
| Voodoo Lounge | 1 | |
| Watch Tower | 23 | |
| Stronghold | 1 | |
| Barracks | 1 | |
| Fortress | 1 | |
| Spirit Lodge | 4 | |
46 total
» build order
00:14 War Mill
00:20 Altar of Storms
00:32 Orc Burrow
01:17 Orc Burrow
02:43 Orc Burrow
03:02 Voodoo Lounge
03:16 Orc Burrow
03:44 Watch Tower
04:04 Orc Burrow
04:13 Watch Tower
04:39 Watch Tower
04:57 Watch Tower
05:19 Orc Burrow
05:47 Watch Tower
05:57 War Mill
06:53 Orc Burrow
06:56 Orc Burrow
07:15 Stronghold
07:34 Barracks
07:38 Orc Burrow
07:54 Watch Tower
08:25 Watch Tower
08:31 Watch Tower
08:38 Watch Tower
08:44 Orc Burrow
09:21 Orc Burrow
11:07 Fortress
11:12 Spirit Lodge
11:15 Spirit Lodge
11:22 Spirit Lodge
12:45 Watch Tower
12:50 Watch Tower
13:01 Watch Tower
13:16 Spirit Lodge
16:42 Watch Tower
16:46 Watch Tower
16:50 Watch Tower
17:28 War Mill
17:56 Watch Tower
20:30 Watch Tower
21:49 Watch Tower
21:53 Watch Tower
22:09 Watch Tower
22:11 Watch Tower
22:18 Watch Tower
25:29 Watch Tower
» items
| Healing Salve | 4 | |
| Lesser Clarity Potion | 1 | |
| Boots of Speed | 1 | |
| Staff of Teleportation | 1 | |
| Periapt of Vitality | 1 | |
| Circlet of Nobility | 1 | |
| Orb of Lightning | 1 | |
| Tiny Great Hall | 1 | |
11 total
MasterProtoss (
green | 30 APM | 509 actions | 17:09)
5 Blademaster
2 Wind Walk
3 Critical Strike
» actions
| Assign group hotkey | 10 | |
| Basic commands | 30 | |
| Build / train | 37 | |
| Enter build submenu | 15 | |
| Enter hero's abilities submenu | 5 | |
| Give item / drop item | 4 | |
| Right click | 128 | |
| Select / deselect | 166 | |
| Select group hotkey | 80 | |
| Use ability | 34 | |
509 total
» units
| Peon | 8 | |
| Grunt | 1 | |
| Troll Headhunter/Berserker | 5 | |
| Wind Rider | 7 | |
21 total
» upgrades
| Ranged Weapons | 3 | |
| Armor | 1 | |
| Troll Regeneration | 1 | |
| Envenomed Spears | 1 | |
| Berserker Upgrade | 1 | |
7 total
» buildings
| Orc Burrow | 6 | |
| Altar of Storms | 1 | |
| Barracks | 2 | |
| War Mill | 1 | |
| Stronghold | 1 | |
| Voodoo Lounge | 1 | |
| Fortress | 1 | |
| Beastiary | 2 | |
| Great Hall | 1 | |
16 total
» build order
00:24 Orc Burrow
00:48 Altar of Storms
01:25 Barracks
01:34 Barracks
02:46 War Mill
02:53 Orc Burrow
02:57 Stronghold
03:28 Orc Burrow
05:50 Voodoo Lounge
05:56 Fortress
07:40 Beastiary
07:46 Beastiary
07:51 Orc Burrow
07:54 Orc Burrow
12:43 Orc Burrow
16:58 Great Hall
» items

»
Herbwomann (
red | 14 APM | 414 actions | 30:16)
» actions
| Basic commands | 21 | |
| Build / train | 2 | |
| ESC pressed | 7 | |
| Enter build submenu | 8 | |
| Right click | 113 | |
| Select / deselect | 236 | |
| Use ability | 25 | |
414 total
» units
» buildings
| Ziggurat | 6 | |
| Altar of Darkness | 1 | |
| Orc Burrow | 2 | |
9 total
» build order
00:06 Ziggurat
00:08 Altar of Darkness
02:50 Ziggurat
02:51 Ziggurat
02:51 Ziggurat
02:52 Ziggurat
03:12 Ziggurat
17:33 Orc Burrow
17:39 Orc Burrow
meharr2 (
yellow | 17 APM | 516 actions | 30:16)
5 Blademaster
3 Critical Strike
2 Wind Walk
» actions
| Build / train | 52 | |
| Enter build submenu | 21 | |
| Enter hero's abilities submenu | 5 | |
| Give item / drop item | 2 | |
| Right click | 143 | |
| Select / deselect | 235 | |
| Use ability | 58 | |
516 total
» units
| Peon | 6 | |
| Grunt | 14 | |
| Troll Headhunter/Berserker | 8 | |
28 total
» upgrades
| Pillage | 1 | |
| Armor | 2 | |
| Melee Weapons | 1 | |
| Spiked Barricades | 2 | |
| Ranged Weapons | 1 | |
| Troll Regeneration | 1 | |
| Reinforced Defenses | 1 | |
| Berserker Upgrade | 1 | |
| Shaman Training | 1 | |
11 total
» buildings
| Orc Burrow | 5 | |
| Barracks | 2 | |
| Altar of Storms | 1 | |
| War Mill | 1 | |
| Watch Tower | 7 | |
| Stronghold | 1 | |
| Fortress | 1 | |
| Spirit Lodge | 1 | |
| Great Hall | 1 | |
20 total
» build order
00:10 Orc Burrow
00:36 Barracks
00:56 Altar of Storms
01:43 Orc Burrow
02:47 Barracks
04:05 War Mill
05:27 Watch Tower
05:33 Watch Tower
06:19 Orc Burrow
07:01 Watch Tower
08:30 Orc Burrow
08:56 Stronghold
11:22 Watch Tower
12:43 Watch Tower
13:25 Fortress
14:51 Spirit Lodge
15:20 Orc Burrow
16:23 Watch Tower
21:10 Great Hall
21:45 Watch Tower
» items
| Orb of Lightning | 1 | |
| Healing Salve | 1 | |
2 total
Chat log
(00:11 / All) Herbwomann: grats enemy team
(00:12 / All) Herbwomann: you win
(00:13 / Allies) MasterProtoss: hh wind riders
(00:17 / All) Herbwomann: Im backstabbing blue for being a douchebag
(00:43 / All) Herbwomann: sorry green and yellow
(00:48 / All) Herbwomann: but blue has to die
(00:54 / Allies) MasterProtoss: come on...
(01:10 / All) Herbwomann: sorry green, blue shoulda thought about that before he was a dick in past games
(01:48 / All) Herbwomann: herbie wheres your base
(01:50 / All) Herbwomann: sending you units
(02:09 / All) xavier8: wow you canèt tk me
(02:19 / Allies) xavier8: poor noob
(02:21 / All) Herbwomann: not trying to TK you, just trying to ensure your loss
(02:28 / All) BU77SLU7: idk how to paly? wher is protoss
(03:08 / All) wonderwood: Lol
(03:43 / All) Herbwomann: kk my work is done. Blue loses.
(04:04 / All) Herbwomann: theyre all orcs and they're all 2 raxing grunts
(05:04 / All) Herbwomann: yellows base is top right and defenseless, rush it
(05:23 / All) Herbwomann: HEY YELLOW ID LIKE YOU TO MEET MY FRIEND
(05:26 / All) Herbwomann: HIS NAME IS RALLYPOINT
(05:30 / All) Herbwomann: RALLYPOINT, YELLOW
(05:33 / All) Herbwomann: YELLOW, RALLYPOINT
(06:40 / All) Herbwomann: PINK YOU GIGANTIC NOOB, HARASS THE OTHER BASES THEY HAVE NO TOWERS
(06:57 / All) xavier8: lol
(07:01 / All) xavier8: mad red
(07:04 / All) Herbwomann: GREEN IS BOTTOM RIGHT AND HAS NO TOWERS
(07:06 / All) Herbwomann: HARASS THEM
(07:10 / All) Herbwomann: NOT REALLY, NO, BLUE
(07:14 / All) Herbwomann: IM PERFECTLY HAPPY RIGHT NOW
(07:20 / All) Herbwomann: DONT LET THESE CAPITAL LETTERS FOOL YOU
(07:26 / All) wonderwood: Lol
(07:27 / All) Herbwomann: IM JUST HOLDING DOWN SHIFT FOR NO APPARENT REASON
(07:37 / All) wonderwood: Lol
(07:44 / All) Herbwomann: GREEN HAS A BUNCH OF HH'S, YELLOW A BUNCH OF GRUNTS
(07:51 / All) Herbwomann: BLUE HAS NOTHING
(08:01 / All) Herbwomann: RUSH GREENS BASE, DEFENSELESS
(08:11 / All) xavier8: I HAVE SPIRIT kid
(08:23 / All) Herbwomann: WHO ARE YOU CALLING KID, GRANDPA?
(08:54 / All) Herbwomann: HEY BLUE WHERES YOUR STRONGHOLD LOLOLOL
(09:33 / All) Herbwomann: GREEN IS MAKING WYVERNS
(10:20 / Allies) xavier8: nice
(10:38 / All) Herbwomann: LOL ORANGE IS SO NOOB
(11:32 / Allies) xavier8: i have casters
(11:37 / All) Herbwomann: THEYRE CREEPING TOP LEFT MIDDLE MINE
(11:39 / All) Herbwomann: JACK THEM
(11:50 / All) Herbwomann: BLUE IS MAKING CASTERS. GET A BUNCH OF SPELLBREAKERS
(12:25 / All) Herbwomann: LOL FAIL BLUE
(13:05 / All) Herbwomann: LOL YELLOW IS STILL ONLY MAKING GRUNTS
(14:13 / All) Herbwomann: HEY BLUE GO BACK TO DOTA LOL
(14:43 / All) Herbwomann: PWNED BLUE HAHAHAHA NOOB
(15:17 / All) Herbwomann: HEY BLUE
(15:25 / All) Herbwomann: NEXT TIME YOU DECIDE TO BE A RUDE JACKASS TO YOUR TEAM
(15:29 / All) Herbwomann: THINK ABOUT THIS BACKSTABBING
(15:38 / All) xavier8: I always do
(15:46 / All) xavier8: that's why I do it JERKHOLE
(15:48 / All) Herbwomann: GOOD. GLAD IM PART OF YOUR MEMORY <3
(15:50 / All) xavier8: at you
(16:02 / All) xavier8: dout it
(16:03 / All) Herbwomann: HEY THIS LOSS MEANS NOTHING TO ME. YOU'RE THE LEVEL 27 LOLOLOL
(16:20 / All) xavier8: dude I used to be 39
(16:25 / All) Herbwomann: YEAH YOU CLEARLY SUCK
(16:26 / All) xavier8: but people like you
(16:30 / All) Herbwomann: CALL ME WHEN YOU STOP SUCKING
(16:33 / All) xavier8: is when i have fun
(16:51 / All) Herbwomann: I WILL HAVE A DIFFERENT NAME YOU WONT EVEN KNOW WHO I AM
(17:02 / All) Herbwomann: THATS WHY I > YOU
(17:17 / All) Herbwomann: THATS RIGHT. SHIT JUST GOT MULTIPLIED BY ITS COMPLEX CONJUGATE
(18:14 / All) Herbwomann: HEY ENEMY TEAM
(18:19 / All) Herbwomann: YOU ARE AGAINST THREE BLADEMASTERS
(18:22 / All) Herbwomann: WHY DONT ANY OF YOU HAVE DUST
(18:33 / All) wonderwood: shut up u crying faggot
(18:35 / All) wonderwood: youre so annoying
(18:39 / All) xavier8: lol
(18:44 / All) wonderwood: u cried for like 15 minutes straight and youre still going
(18:45 / All) Herbwomann: LOL HOW AM I CRYING, YOU GIANT NOOB
(18:48 / All) wonderwood: all because blue was mean to you
(18:48 / All) xavier8: tk hi,m NEXT game
(18:49 / All) wonderwood: boohoo
(18:52 / All) wonderwood: you little pussy
(18:57 / All) Herbwomann: YOU WONT EVEN KNOW WHO I AM BLUE
(19:09 / Allies) xavier8: take salve yellow
(19:14 / All) wonderwood: THATS SO TOTALLY SCARY AND OMINOUS
(19:15 / All) wonderwood: OMG
(19:34 / All) Herbwomann: LOL TEAL BRB GETTING MY DROPHACK
(19:41 / All) wonderwood: Lolololol
(19:45 / All) wonderwood: you are the angriest nerd
(19:49 / All) wonderwood: ive ever come across
(19:55 / All) xavier8: lol at red
(20:03 / All) wonderwood: is mother making you come up from the basement tonight?
(20:05 / All) wonderwood: lolol
(20:05 / All) Herbwomann: NO ACTUALLY ITS CALLED "FEIGNING ANGRYNESS" LOLOLOL NOOBS
(20:13 / All) Herbwomann: I DONT LIVE IN MY MOMS BASEMENT THANKS
(20:15 / All) Herbwomann: I LIVE IN HER ATTIC
(20:27 / All) wonderwood: ill suck your dick faggot
(20:29 / All) wonderwood: stfu
(20:36 / All) Herbwomann: SORRY TEAL I DONT SWING THAT WAY
(22:19 / All) Herbwomann: CLAN TOWA, BITCHES
(22:26 / All) Herbwomann: ALL REPLAYS SAVED TO HIGHPER.CH
(22:30 / All) wonderwood: wait
(22:33 / All) Herbwomann: FOR YOUR OWN EMBARASSMENT
(22:33 / All) wonderwood: i wanted to be dropped
(22:44 / All) Herbwomann: YOU WILL BE DROPPED SOON ENOUGH. DONT WORY.
(22:48 / All) wonderwood: LOl
(22:51 / All) wonderwood: ok daddy
(23:00 / All) Herbwomann: DROPPED ON YOUR HEAD AS A CHILD, THAT IS
(23:32 / All) xavier8: sarry
(25:01 / Allies) xavier8: pink is comming
(25:03 / All) Herbwomann: HEY PINK TRY DROPPING A SENTRY WARD OR TWO
(25:16 / All) wonderwood: Lol
(25:29 / All) Herbwomann: CANT BELIEVE HOW DUMB YOUR TEAM IS TEAL LOLOLOLOL
(25:44 / All) Herbwomann: THAT INCLUDES YOU BTW, YOU'RE THE WORST
(25:49 / All) xavier8: tk that fagg next time you SEE him plz TEAL
(25:52 / All) wonderwood: :(
(26:02 / All) Herbwomann: LOLOL BLUE IS SCARED OF ME
(26:07 / All) xavier8: and show him ghow is done
(26:13 / All) wonderwood: im scared of you too
(26:19 / All) wonderwood: you got that angry nerd thing going on
(26:27 / All) Herbwomann: MISSION ACCOMPLISHED
(26:54 / All) xavier8: whoopsy
(27:28 / All) wonderwood: ok
(27:31 / All) wonderwood: FIRST WAVE
(27:32 / All) V.I.P.yc: leave omg
(27:34 / All) xavier8: lol
(27:40 / All) xavier8: noooooooooooooooooooooooooooooooooooooooo
(27:47 / All) wonderwood: SECOND WAVE
(27:51 / All) xavier8: earn your victory ,PINK
(28:11 / All) Herbwomann: HAHA BLUE OWNED
(28:13 / All) wonderwood: my first wave was all the black people lol
(28:18 / All) xavier8: lol
(28:26 / All) xavier8: the second wave was nasty
(28:30 / All) Herbwomann: LOLOLOL TEAL I GET IT RACISM YEAH SO FUNNY HAHAHAHAHA
(28:32 / All) wonderwood: thanks brah
(28:51 / All) Herbwomann: NO PROBLEM DUDETTE
(29:20 / All) xavier8: c last standing
(29:33 / All) wonderwood: gg blue
(29:38 / All) xavier8: gg teal
(29:50 / All) Herbwomann: MISSION ACCOMPLISHED